 Dungeon Crawl Stone Soup version 0.21.1-1-g345015f (webtiles) character file.

13665 troglodite the Protected (level 11, -1/89 HPs)
             Began as a Demonspawn Berserker on July 30, 2018.
             Was a High Priest of Trog.
             Slain by a cyan ugly thing (12 damage)
             ... on level 12 of the Dungeon on July 31, 2018.
             The game lasted 00:38:20 (11816 turns).

troglodite the Protected (Demonspawn Berserker)    Turns: 11816, Time: 00:38:21

Health: -1/89      AC: 32    Str: 17    XL:     11   Next: 78%
Magic:  11/11      EV: 11    Int: 10    God:    Trog [*****.]
Gold:   241        SH:  6    Dex: 17    Spells: 10/10 levels left

rFire    + + +     SeeInvis .   M - +2 long sword
rCold    . . .     Gourm    .   N - +2 buckler
rNeg     + . .     Faith    .   A - +5 chain mail of Jetan {rF++ MR+ Regen+}
rPois    +         Spirit   .   E - +1 helmet of Vunnec {rF+ rN+ Dex+2}
rElec    .         Reflect  .   g - +0 cloak
rCorr    .         Harm     .   d - +0 pair of gloves
MR       ++...                  x - +0 pair of boots
Stlth    ..........             (no amulet)
HPRegen  0.64/turn              v - ring of protection from magic
MPRegen  0.12/turn              I - ring of poison resistance

@: sanguine armour, berserk cooldown
A: claws 2, powered by death 1, powered by pain 2, screaming 1, sanguine armour
2
a: Berserk, Trog's Hand, Brothers in Arms, Burn Spellbooks, Renounce Religion


You were on level 12 of the Dungeon.
You worshipped Trog.
Trog was extremely pleased with you.
You were hungry.

You visited 1 branch of the dungeon, and saw 13 of its levels.

You collected 715 gold pieces.
You spent 474 gold pieces at shops.

Inventory:

Hand Weapons
 b - a +1 short sword of draining
 m - a +1 falchion
 M - a +2 long sword (weapon)
Armour
 d - a +0 pair of gloves (worn)
 g - a +0 cloak (worn)
 x - a +0 pair of boots (worn)
 A - the +5 chain mail of Jetan (worn) {rF++ MR+ Regen+}
   (You bought it in a shop on level 7 of the Dungeon)

   It greatly protects you from fire.
   It affects your resistance to hostile enchantments.
   It increases your rate of regeneration.
 E - the +1 helmet of Vunnec (worn) {rF+ rN+ Dex+2}
   (You bought it in a shop on level 7 of the Dungeon)

   It affects your dexterity (+2).
   It protects you from fire.
   It protects you from negative energy.
 N - a +2 buckler (worn)
Jewellery
 i - an uncursed ring of resist corrosion
 v - a ring of protection from magic (left hand)
 F - an uncursed ring of fire
 I - a ring of poison resistance (right hand)
Wands
 y - a wand of paralysis (11)
 B - a wand of enslavement (14)
 H - a wand of disintegration (14)
 K - a wand of polymorph (10)
Scrolls
 f - 4 scrolls of remove curse
 h - 3 scrolls of fear {unknown}
 k - a scroll of random uselessness {unknown}
 l - a scroll of summoning {unknown}
 p - 2 scrolls of blinking {unknown}
 q - 6 scrolls of identify
 r - 2 scrolls of amnesia {unknown}
 s - a scroll of fog {unknown}
 t - 6 scrolls of teleportation {unknown}
 u - a scroll of noise {unknown}
 w - a scroll of vulnerability {unknown}
 G - a scroll of enchant weapon {unknown}
 J - a scroll of magic mapping {unknown}
Potions
 e - a potion of mutation
 j - 4 potions of curing
 n - 2 potions of brilliance
 o - 2 potions of might
 z - a potion of flight
 C - a potion of ambrosia
 D - a potion of haste
 L - a potion of cancellation {unknown}
Books
 a - a book of Maledictions

   Spells                             Type                      Level
   a - Corona                         Hexes                        1
   b - Ensorcelled Hibernation        Hexes/Ice                    2
   c - Confuse                        Hexes                        3
   d - Tukima's Dance                 Hexes                        3
   e - Dazzling Spray                 Conjuration/Hexes            3
   Trog disapproves of the use of such an item.
Comestibles
 c - 22 rations


   Skills:
 * Level 9.3 Fighting
 + Level 5.7(7.9) Short Blades
 + Level 8.4(9.2) Long Blades
 * Level 10.1 Armour
 * Level 7.4 Dodging
 + Level 0.5 Stealth


You had 10 spell levels left.
You didn't know any spells.

Dungeon Overview and Level Annotations

Branches:
Dungeon (13/15)            Temple (0/1) D:5            Lair (0/6) D:8
    Orc (0/2) D:10
 Vaults: D:13-14

Altars:
Ashenzari
Dithmenos
Fedhas
Gozag
Hepliaklqana
Kikubaaqudgha
Makhleb
Qazlal
Ru
Sif Muna
Trog
Uskayaw
Vehumet
Yredelemnul
The Shining One

Shops:
D:7 %?**=   D:8 }


Innate Abilities, Weirdness & Mutations

You have very sharp fingernails.
You regenerate a little health from kills.
You sometimes gain power by taking damage.
When seriously injured, your bleeding wounds create thick armour. (AC +9)
You occasionally shout uncontrollably at your foes.


Message History

The cyan ugly thing barely misses you.
You riposte.
You completely miss the cyan ugly thing.
The cyan ugly thing is severely wounded.
You slash the cyan ugly thing!
The cyan ugly thing is almost dead.
The cyan ugly thing tail-slaps you. The cyan ugly thing shocks you!
You hit the cyan ugly thing but do no damage.
The cyan ugly thing is almost dead.
The cyan ugly thing misses you.
Your chain mail of Jetan prevents you from hitting the cyan ugly thing.
The cyan ugly thing is almost dead.
The cyan ugly thing tail-slaps you! The cyan ugly thing shocks you!
* * * LOW HITPOINT WARNING * * *
You're still recovering from your berserk rage.
You slash the cyan ugly thing!
The cyan ugly thing is almost dead.
The cyan ugly thing tail-slaps you.
* * * LOW HITPOINT WARNING * * *
The cyan ugly thing shocks you!
You die...

....'..###...........#.#####.....
....##...#...........#..}.##.....
....####.............####........
....# ###...........# ####.....
....# #...........# ###### ##'##
#...........# # #..#
#########..## # ..##
#######.############## #######
#....@.....##.........
......######...u.......#.........
......##...'...........#........>
......#..###...........#.........
......'.## #.>.........#.........
......### #..>..................
....=.# #..........##.........
....).# #..........##.........
####### #..........######'####


You could see a cyan ugly thing.

Vanquished Creatures
  The ghost of Alter the Basher, a journeyman GrFi of the Shining One (D:11)
  3 two-headed ogres
  An unseen horror (D:10)
  2 ugly things
  A centaur zombie (D:11)
  A cyclops (D:9)
  A kobold demonologist (D:11)
  A polar bear (D:13)
  A hornet (D:12)
  A troll (D:9)
  A hippogriff (D:8)
  A basilisk (D:12)
  9 yaks
  4 hungry ghosts
  Grum (D:8)
  2 vampire mosquitoes (D:13)
  A porcupine (D:8)
  5 orc warriors
  2 black bears (D:8)
  2 ice beasts
  2 sky beasts
  5 phantoms
  A necrophage (D:11)
  3 ogres
  3 wolves (D:8)
  5 centaurs
  A big kobold (D:8)
  6 bullfrogs
  A wyvern skeleton (D:11)
  3 scorpions
  2 killer bees (D:10)
  8 wights
  2 howler monkeys
  2 bullfrog zombies
  5 crimson imps
  9 orc priests
  3 jellies
  A bullfrog skeleton (D:4)
  4 hounds
  6 orc wizards
  Natasha (thrice) (D:4)
  7 iguanas
  8 worker ants
  2 hound zombies
  16 adders
  A howler monkey skeleton (D:6)
  2 shadow imps
  3 oozes
  2 adder zombies
  5 worms
  A dart slug (D:1)
  4 leopard geckos
  34 orcs
  A ball python (D:5)
  3 giant cockroaches
  11 goblins
  4 hobgoblins
  9 jackals
  5 quokkas
  6 bats
  3 frilled lizards
  A jackal skeleton (D:4)
  9 kobolds
  A leopard gecko skeleton (D:4)
  A quokka zombie (D:6)
  5 rats
  2 fungi (D:8)
262 creatures vanquished.

Vanquished Creatures (others)
  2 yaks (D:10)
  2 bullfrogs
  A killer bee (D:10)
  An iguana (D:9)
  An orc wizard (D:9)
7 creatures vanquished.

Grand Total: 269 creatures vanquished

Notes
Turn   | Place    | Note
-------+----------+-------------------------------------------
     0 | D:1      | troglodite the Demonspawn Berserker began the quest for the Orb.
     0 | D:1      | Reached XP level 1. HP: 18/18 MP: 1/1
   169 | D:1      | Gained mutation: You sometimes gain a little power by taking damage. [demonic ancestry]
   169 | D:1      | Reached XP level 2. HP: 15/24 MP: 2/2
   718 | D:1      | Gained mutation: When seriously injured, your bleeding wounds create armour. (AC +9) [demonic ancestry]
   718 | D:1      | Reached XP level 3. HP: 26/29 MP: 3/3
  1052 | D:2      | Reached ** piety under Trog
  1061 | D:2      | Reached skill level 2 in Armour
  1202 | D:2      | Reached XP level 4. HP: 26/36 MP: 4/4
  1477 | D:2      | Found an opulent altar of Gozag.
  1562 | D:2      | Found a basalt altar of Yredelemnul.
  1637 | D:2      | Reached skill level 1 in Short Blades
  1637 | D:2      | Gained mutation: You regenerate a little health from kills. [demonic ancestry]
  1637 | D:2      | Reached XP level 5. HP: 14/42 MP: 5/5
  1895 | D:2      | Found a faded altar of an unknown god.
  2255 | D:3      | Reached skill level 3 in Armour
  2262 | D:3      | Reached *** piety under Trog
  2322 | D:3      | Found a hazy altar of Hepliaklqana.
  2468 | D:3      | Reached XP level 6. HP: 27/48 MP: 6/6
  2613 | D:3      | Found a sacrificial altar of Ru.
  2950 | D:3      | You fall through a shaft!
  2950 | D:4      | Noticed Natasha
  2959 | D:4      | Killed Natasha
  2979 | D:4      | Noticed Natasha
  2989 | D:4      | Killed Natasha
  3171 | D:4      | Reached skill level 4 in Armour
  3181 | D:4      | Gained mutation: When seriously injured, your bleeding wounds create thick armour. (AC +9) [demonic ancestry]
  3181 | D:4      | Reached XP level 7. HP: 55/55 MP: 7/7
  3271 | D:4      | Found a burning altar of Makhleb.
  3301 | D:4      | Noticed Natasha
  3307 | D:4      | Killed Natasha
  3431 | D:3      | Reached **** piety under Trog
  4140 | D:5      | Entered Level 5 of the Dungeon
  4253 | D:5      | Found a staircase to the Ecumenical Temple.
  4319 | D:5      | Reached skill level 5 in Fighting
  4352 | D:5      | Reached skill level 5 in Armour
  4713 | D:6      | Gained mutation: You have sharp fingernails. [demonic ancestry]
  4713 | D:6      | Reached XP level 8. HP: 61/62 MP: 8/8
  4938 | D:6      | Found a shadowy altar of Dithmenos.
  5608 | D:6      | Reached skill level 6 in Armour
  5866 | D:6      | Found an opulent altar of Gozag.
  6016 | D:7      | Found Qaesuif's Food Shoppe.
  6030 | D:7      | Reached skill level 5 in Short Blades
  6079 | D:7      | Found a blossoming altar of Fedhas.
  6256 | D:7      | Found a glowing golden altar of the Shining One.
  6413 | D:7      | Found Heraa's Assorted Antiques.
  6429 | D:7      | Bought a warped chain mail for 237 gold pieces
  6441 | D:7      | Identified the +5 chain mail of Jetan {rF++ MR+ Regen+} (You bought it in a shop on level 7 of the Dungeon)
  6455 | D:7      | Found Secamid's Jewellery Emporium.
  6461 | D:7      | Found a bloodstained altar of Trog.
  6556 | D:7      | Found Giylouqa's Magic Scroll Shop.
  6596 | D:7      | Found Odwah's General Store.
  6683 | D:7      | Reached XP level 9. HP: 69/69 MP: 9/9
  6800 | D:7      | Found a hide-covered altar of Uskayaw.
  6810 | D:7      | Found a stormy altar of Qazlal.
  6839 | D:8      | Noticed Grum
  6847 | D:8      | Killed Grum
  6885 | D:8      | Reached skill level 7 in Armour
  7138 | D:8      | Reached ***** piety under Trog
  7238 | D:8      | Reached skill level 5 in Dodging
  7557 | D:8      | Found a staircase to the Lair.
  7812 | D:8      | Found an ancient bone altar of Kikubaaqudgha.
  7813 | D:8      | Found a deep blue altar of Sif Muna.
  7816 | D:8      | Found a radiant altar of Vehumet.
  7908 | D:8      | Found a stormy altar of Qazlal.
  8006 | D:8      | Found Ceebb's Gadget Shoppe.
  8176 | D:9      | Reached skill level 5 in Long Blades
  8187 | D:9      | Gained mutation: You have very sharp fingernails. [demonic ancestry]
  8187 | D:9      | Reached XP level 10. HP: 79/79 MP: 10/10
  8379 | D:9      | Reached skill level 8 in Armour
  8564 | D:7      | Bought a smoking helmet for 237 gold pieces
  8574 | D:7      | Identified the +1 helmet of Vunnec {rF+ rN+ Dex+2} (You bought it in a shop on level 7 of the Dungeon)
  8682 | D:9      | Noticed a two-headed ogre
  8692 | D:9      | Killed a two-headed ogre
  9060 | D:9      | Received a gift from Trog
  9194 | D:9      | Found a shattered altar of Ashenzari.
  9396 | D:9      | Noticed a cyclops
  9461 | D:9      | Killed a cyclops
  9500 | D:10     | Entered Level 10 of the Dungeon
  9760 | D:10     | Killed an unseen horror
  9798 | D:10     | Reached skill level 9 in Armour
  9870 | D:10     | Gained mutation: You sometimes gain power by taking damage. [demonic ancestry]
  9870 | D:10     | Reached XP level 11. HP: 86/87 MP: 11/11
  9877 | D:10     | Got a scorched leather armour
  9888 | D:10     | Identified the +2 leather armour of Fanaticism {-Cast MR+ Int+7} (You found it on level 10 of the Dungeon)
 10064 | D:10     | Found a staircase to the Orcish Mines.
 10336 | D:11     | Noticed Alter's ghost (journeyman GrFi)
 10352 | D:11     | Gained mutation: You occasionally shout uncontrollably at your foes. [a neqoxec]
 10412 | D:11     | Noticed a sun demon
 10418 | D:11     | Noticed a soul eater
 10419 | D:11     | Killed Alter's ghost
 10633 | D:11     | Noticed a green ugly thing
 10644 | D:11     | Killed a green ugly thing
 10988 | D:12     | Noticed a two-headed ogre
 10999 | D:12     | Killed a two-headed ogre
 11040 | D:12     | Noticed a two-headed ogre
 11069 | D:12     | Killed a two-headed ogre
 11468 | D:12     | Noticed a brown ugly thing
 11488 | D:12     | Killed a brown ugly thing
 11488 | D:12     | Reached skill level 10 in Armour
 11789 | D:13     | Noticed a cyan ugly thing
 11789 | D:13     | Noticed a centaur warrior
 11816 | D:12     | Slain by a cyan ugly thing

Skill      XL: |  1  2  3  4  5  6  7  8  9 10 11 |
---------------+----------------------------------+-----
Dodging        | 2 3 4 5 6 7 |  7.4
Long Blades    | 3 5 6 8 |  8.4
Armour         | 2 3 4 5 6 7 9 10 | 10.1
Short Blades   | 1 2 3 5 |  5.7
Fighting       | 4 5 6 7 8 9 |  9.3
Stealth        | |  0.5

Action                   |  1- 3 |  4- 6 |  7- 9 | 10-12 || total
-------------------------+-------+-------+-------+-------++-------
Melee: Falchion          |    20 |       |   198 |   198 ||   416
       Short sword       |    51 |   243 |   434 |       ||   728
       Long sword        |       |       |       |   354 ||   354
Invok: Berserk           |     3 |     6 |    10 |    10 ||    29
       Burn Spellbooks   |       |       |     3 |     1 ||     4
  Use: Scroll            |       |       |     2 |     8 ||    10
       Potion            |       |       |       |     1 ||     1
  Eat: Chunk             |     4 |    11 |    17 |    35 ||    67
       Ration            |       |       |     3 |       ||     3
Armor: Animal skin       |     3 |       |       |       ||     3
       Ring mail         |    13 |       |       |       ||    13
       Chain mail        |       |   156 |   317 |   422 ||   895
       Plate armour      |       |       |    94 |       ||    94
Dodge: Dodged            |    43 |    92 |   314 |   321 ||   770
Block: Buckler           |       |       |       |     3 ||     3
       Rpst.: Falchion   |     2 |       |    36 |    28 ||    66
       Long sword        |       |       |       |    77 ||    77
